 Dungeon Crawl Stone Soup version 0.29-a0-721-g7f417c9bbb (webtiles) character file.

Game seed: 2835642367322060955

3865 avis the Markskobold (level 10, -26/60 HPs)
             Began as a Kobold Hunter on June 27, 2022.
             Killed from afar by an ice statue (31 damage)
             ... with a bolt of cold
             ... on level 7 of the Dungeon on June 28, 2022.
             The game lasted 00:45:24 (7203 turns).

avis the Markskobold (Kobold Hunter)                Turns: 7203, Time: 00:45:25

Health: -26/60     AC:  5    Str:  9    XL:     10   Next: 41%
Magic:  11/11      EV: 22    Int: 17    God:
Gold:   316        SH:  0    Dex: 22    Spells: 9/11 levels left

rFire   . . .      SeeInvis .   a - +0 shortbow
rCold   . . .      Faith    .   (shield currently unavailable)
rNeg    . . .      Spirit   .   I - +2 robe {Archmagi}
rPois   .          Reflect  .   D - +0 helmet
rElec   .          Harm     .   (no cloak)
rCorr   .          Rampage  .   (no gloves)
Will    .....      Archmagi +   (no boots)
Stlth   +++++.....              o - amulet of regeneration
HPRegen 1.00/turn               G - +6 ring of intelligence
MPRegen 0.12/turn               p - +4 ring of evasion

@: no status effects
A: small, no large weapons, nightstalker 3
a: no special abilities


You were on level 7 of the Dungeon.
You visited 2 branches of the dungeon, and saw 8 of its levels.
You also visited: Ossuary.

You collected 316 gold pieces.

Inventory:

Hand Weapons
 a - a +0 shortbow (weapon)
 b - the +11 flail of Karma {vamp, rCorr Str+2 Int+3}
   (You found it on level 5 of the Dungeon)

   It occasionally heals its wielder for a portion of the damage dealt when it
   wounds a living foe.
   Str:       It affects your strength (+2).
   Int:       It affects your intelligence (+3).
   rCorr:     It protects you from acid and corrosion.
 c - a +0 rapier
 w - a +1 dagger of protection
Armour
 D - a +0 helmet (worn)
 I - a +2 robe of the Archmagi (worn)
Jewellery
 l - a ring of flight
 o - an amulet of regeneration (around neck)
 p - a +4 ring of evasion (right hand)
 v - a ring of protection from fire
 G - a +6 ring of intelligence (left hand)
Wands
 s - a wand of paralysis (8)
 t - a wand of flame (38)
Scrolls
 d - 3 scrolls of poison {unknown}
 i - 4 scrolls of identify {unknown}
 j - 3 scrolls of blinking {unknown}
 k - 4 scrolls of teleportation
 m - a scroll of brand weapon {unknown}
 n - a scroll of amnesia {unknown}
 q - 3 scrolls of vulnerability {unknown}
 y - a scroll of noise {unknown}
 P - a scroll of fear {unknown}
Potions
 e - a potion of invisibility {unknown}
 f - 2 potions of haste {unknown}
 g - a potion of might {unknown}
 h - 5 potions of curing {unknown}
 r - 5 potions of heal wounds
 u - 2 potions of brilliance {unknown}
 A - 2 potions of ambrosia {unknown}
 B - 7 potions of degeneration {unknown}
 E - a potion of lignification {unknown}
 F - a potion of cancellation {unknown}


   Skills:
 - Level 6.0 Fighting
 - Level 16.0 Ranged Weapons
 - Level 5.0 Dodging
 + Level 6.7 Stealth
 - Level 1.0 Spellcasting
 - Level 1.0 Transmutations


You had 9 spell levels left.
You knew the following spells:

 Your Spells              Type           Power      Damage    Failure   Level
e - Wereblood             Tmut           6%         N/A       22%         2

Your spell library contained the following spells:

 Spells                   Type           Power      Damage    Failure   Level
 Beastly Appendage        Tmut           12%        N/A       14%         1
 Magic Dart               Conj           4%         1d3       22%         1
 Searing Ray              Conj           2%         2d4       32%         2
 Spider Form              Tmut/Pois      3%         N/A       45%         3
 Fulminant Prism          Conj/Hex       0%         3d6       91%         4


Dungeon Overview and Level Annotations

Branches:
Dungeon (7/15)             Temple (1/1) D:5         Ossuary (visited)

Altars:
Cheibriados
Dithmenos
Elyvilon
Fedhas
Gozag
Hepliaklqana
Kikubaaqudgha
Makhleb
Nemelex Xobeh
Qazlal
Sif Muna
Trog
Uskayaw
Vehumet
Wu Jian
Xom
Yredelemnul
Zin
The Shining One

Shops:
D:5 ?(

Annotations:
D:6 deep water to explore
D:7 exclusion: ice statue


Innate Abilities, Weirdness & Mutations

You are small and have problems with some larger weapons.
You are completely attuned to the shadows.


Message History

Press: ? - help, Q - select action, (/) - cycle Shift-Dir - straight line, f/p - ice statue
Aim: an ice statue (severely damaged, 95% to hit)
You shoot an arrow. The arrow hits the ice statue.
The ice statue is severely damaged.
Unknown command.
Fire: a) +0 shortbow
Press: ? - help, Q - select action, (/) - cycle Shift-Dir - straight line, f/p - ice statue
Aim: an ice statue (severely damaged, 95% to hit)
You shoot an arrow.
The arrow hits the ice statue but does no damage.
The ice statue is severely damaged.
The ice statue gestures at you. The freezing blast misses you.
Fire: a) +0 shortbow
Press: ? - help, Q - select action, (/) - cycle Shift-Dir - straight line, f/p - ice statue
Aim: an ice statue (severely damaged, 95% to hit)
You shoot an arrow. The arrow hits the ice statue.
The ice statue is severely damaged.
You are engulfed in freezing vapours.
The ice statue gestures at you. The shard of ice misses you.
Fire: a) +0 shortbow
Press: ? - help, Q - select action, (/) - cycle Shift-Dir - straight line, f/p - ice statue
Aim: an ice statue (severely damaged, 95% to hit)
You shoot an arrow.
The arrow hits the ice statue but does no damage.
The ice statue is severely damaged.
You are engulfed in freezing vapours.
* * * LOW HITPOINT WARNING * * *
Fire: a) +0 shortbow
Press: ? - help, Q - select action, (/) - cycle Shift-Dir - straight line, f/p - ice statue
Aim: an ice statue (severely damaged, 95% to hit)
You shoot an arrow. The arrow hits the ice statue.
The ice statue is severely damaged.
You are engulfed in freezing vapours.
* * * LOW HITPOINT WARNING * * *
The ice statue gestures at you. The bolt of cold hits you!!
Ouch! That really hurt!
You die...

#.... ...
####.#####.
....[#<....
####.)####.
#⌠...⌠#
#....○#
#.☼○○.# ..#
#.○@☼.# #.#
#.○○○.# #.#
#.Y...#
#.###.
#≈≈○≈≈#
##.....
#≈≈8≈≈#
#<.....
#######


You could see an ice statue and an ice beast (summoned).

Vanquished Creatures
  Pikel (D:5)
  Prince Ribbit (D:7)
  Grinder (D:3)
  Sigmund (D:3)
  Eustachio (D:6)
  Duvessa (D:5)
  A water moccasin (D:6)
  An ice beast (D:5)
  2 ogres (D:5)
  4 black bears
  A wolf (D:5)
  A centaur (D:5)
  3 phantoms (D:5)
  A bullfrog (D:6)
  2 necrophages (D:6)
  A gnoll sergeant (D:5)
  2 scorpions
  5 water moccasin zombies (Ossuary)
  Dowan (D:5)
  4 jellies
  4 hounds (D:5)
  An orc priest (D:4)
  A gnoll shaman (D:5)
  Ijyb (D:3)
  3 iguanas
  Natasha (thrice) (D:3)
  An orc wizard (D:7)
  2 mummies (Ossuary)
  7 adders
  10 gnolls (D:5)
  A white imp (D:6)
  An ufetubus (D:4)
  6 adder zombies (Ossuary)
  2 worms
  A dart slug (D:2)
  8 orcs
  6 bats
  11 endoplasms
  2 giant cockroaches
  7 gnoll zombies (Ossuary)
  10 goblins
  6 hobgoblins
  4 jackals (D:3)
  6 ball pythons
  2 frilled lizards
  3 hobgoblin zombies (Ossuary)
  7 kobolds
  3 kobold zombies (Ossuary)
  5 orc zombies (Ossuary)
  4 rats
163 creatures vanquished.

Vanquished Creatures (others)
  A plant (D:5)
1 creature vanquished.

Grand Total: 164 creatures vanquished

Notes
Turn   | Place    | Note
-------+----------+-------------------------------------------
     0 | D:1      | avis the Kobold Hunter began the quest for the Orb.
     0 | D:1      | Reached XP level 1. HP: 12/12 MP: 1/1
   260 | D:1      | Reached XP level 2. HP: 18/18 MP: 2/2
   266 | D:1      | Found a faded altar of an unknown god.
  1040 | D:1      | Reached skill level 6 in Ranged Weapons
  1123 | D:1      | Reached XP level 3. HP: 22/22 MP: 3/3
  1550 | D:2      | Reached XP level 4. HP: 26/28 MP: 4/4
  2415 | D:3      | Noticed Sigmund
  2421 | D:3      | Killed Sigmund
  2422 | D:3      | Reached skill level 8 in Ranged Weapons
  2422 | D:3      | Reached XP level 5. HP: 30/32 MP: 5/5
  2422 | D:3      | Reached XP level 6. HP: 35/37 MP: 6/6
  2468 | D:3      | Noticed Natasha
  2479 | D:3      | Killed Natasha
  2543 | D:3      | Noticed Grinder
  2545 | D:3      | Paralysed by Grinder for 3 turns
  2547 | D:3      | Noticed Natasha
  2554 | D:3      | Killed Grinder
  2555 | D:3      | Reached skill level 9 in Ranged Weapons
  2555 | D:3      | Reached XP level 7. HP: 34/41 MP: 7/7
  2558 | D:3      | Killed Natasha
  2639 | D:3      | Reached skill level 10 in Ranged Weapons
  2646 | D:3      | Noticed Natasha
  2649 | D:3      | Killed Natasha
  2655 | D:3      | Noticed Ijyb
  2662 | D:3      | Killed Ijyb
  3707 | D:4      | Reached XP level 8. HP: 48/48 MP: 8/8
  3831 | D:4      | Reached skill level 11 in Ranged Weapons
  4142 | D:5      | Entered Level 5 of the Dungeon
  4221 | D:5      | Found a shadowy altar of Dithmenos.
  4278 | D:5      | Reached skill level 12 in Ranged Weapons
  4290 | D:5      | Found Hyrhir's Magic Scroll Boutique.
  4307 | D:5      | Identified the +11 flail of Karma {vamp, rCorr Str+2 Int+3}
  4382 | D:5      | Found a sand-covered staircase.
  4386 | Ossuary  | Entered an ossuary
  4510 | Ossuary  | Reached XP level 9. HP: 52/52 MP: 9/9
  4647 | Ossuary  | Reached skill level 13 in Ranged Weapons
  4647 | Ossuary  | Reached skill level 5 in Stealth
  4767 | D:5      | Found Urabloch's Antique Weapon Shoppe.
  4808 | D:5      | Noticed Duvessa
  4810 | D:5      | Noticed Dowan
  4821 | D:5      | Killed Duvessa
  4825 | D:5      | Killed Dowan
  4972 | D:5      | Reached skill level 14 in Ranged Weapons
  4981 | D:5      | Noticed Pikel
  5002 | D:5      | Killed Pikel
  5003 | D:5      | Reached skill level 5 in Fighting
  5068 | D:5      | Identified the +1 robe "Sazakha" {Will+ Int+8 Stlth-}
  5073 | D:5      | Learned a level 2 spell: Wereblood
  5105 | D:5      | Found a staircase to the Ecumenical Temple.
  5137 | D:5      | Found a hazy altar of Hepliaklqana.
  5150 | D:5      | Reached skill level 15 in Ranged Weapons
  5400 | D:5      | Found a bloodstained altar of Trog.
  5543 | D:5      | Reached XP level 10. HP: 59/59 MP: 10/10
  5628 | D:5      | Reached skill level 5 in Dodging
  5685 | Temple   | Entered the Ecumenical Temple
  6178 | D:6      | Noticed Eustachio
  6195 | D:6      | Killed Eustachio
  6256 | D:6      | Reached skill level 16 in Ranged Weapons
  6303 | D:6      | Reached skill level 1 in Spellcasting
  7108 | D:7      | Noticed Prince Ribbit
  7124 | D:7      | Killed Prince Ribbit
  7125 | D:7      | Reached skill level 1 in Transmutations
  7186 | D:7      | Noticed an ice statue
  7203 | D:7      | Killed from afar by an ice statue

Illustrated notes

Levels and vault maps discovered:
D:1:      roderic_dead_forest, layout_basic, shapermc_ecumenical_altar_venn,
          nicolae_figureground_pulse
D:2:      layout_basic, corner_web_ring
D:3:      layout_basic, uniq_sigmund, uniq_grinder, uniq_natasha, uniq_ijyb
D:4:      layout_loops_ring
D:5:      layout_cave_pools, mainiacjoe_overflow_24_doors, trog_antimagical,
          grunt_dithmenos_smoke, minmay_temple_entry_mist,
          lightli_ossuary_entry_decrepit_ruins, serial_gnoll_camp,
          gnoll_camp_mini_shop, gnoll_camp_mini_house, gnoll_camp_mini_shop,
          gnoll_camp_mini_house, guppyfry_early_lair_pool, uniq_pikel,
          uniq_duvessa
D:6:      layout_basic, lemuel_another_geyser, uniq_eustachio
D:7:      lemuel_ice_statue, layout_basic, uniq_prince_ribbit1, uniq_menkaure
Temple:   eino_temple_scatter_basement

Skill      XL: |  1  2  3  4  5  6  7  8  9 10 |
---------------+-------------------------------+-----
Ranged Weapons | 6 8 9 10 12 15 16 | 16.0
Fighting       | 3 4 5 6 |  6.0
Dodging        | 3 4 5 |  5.0
Stealth        | 3 4 5 6 |  6.7
Spellcasting   | 1 |  1.0
Transmutations | 1 |  1.0

Action                   |  1- 3 |  4- 6 |  7- 9 | 10-12 || total
-------------------------+-------+-------+-------+-------++-------
Melee: Flail             |       |       |     3 |     2 ||     5
 Fire: Shortbow          |    72 |    51 |   398 |   123 ||   644
  Use: Scroll            |       |       |       |     1 ||     1
Armor: Leather armour    |     4 |     2 |    13 |       ||    19
       Robe              |       |       |     2 |     6 ||     8
Dodge: Dodged            |    16 |    24 |   195 |    41 ||   276

Table legend: (Time is in decaauts)
 A = Elapsed time spent in this place.
 B = Non-inter-level travel time spent in this place.
 C = Inter-level travel time spent in this place.
 D = Time resting spent in this place.
 E = Time spent auto-exploring this place.
 F = Levels seen in this place.
 G = Mean time per level.
                   A        B        C        D        E       F      G
               +--------+--------+--------+--------+--------+-----+--------+
         Total |   7181 |   6459 |    722 |    608 |   4536 |   9 |  797.9 |
       Dungeon |   6624 |   5915 |    709 |    503 |   4374 |   7 |  946.3 |
        Temple |    234 |    221 |     13 |      0 |    162 |   1 |  234.0 |
       Ossuary |    322 |    322 |      0 |    105 |      0 |   1 |  322.0 |
               +--------+--------+--------+--------+--------+-----+--------+

Top non-repeatable levels by time:
     D:5: 1293 daAuts
     D:1: 1226 daAuts
     D:2: 1208 daAuts
     D:6: 1090 daAuts
     D:3: 935 daAuts
     D:4: 825 daAuts
 Ossuary: 322 daAuts
  Temple: 234 daAuts
     D:7: 45 daAuts
